 Dungeon Crawl Stone Soup version 0.32-a0-560-g4c7f4391e0 (webtiles) character file.

Game seed: 9915415064675507845

1845 javelincjr the Trooper (level 8, -3/62 HPs)
             Began as a Demonspawn Warper on Feb 29, 2024.
             Was a Follower of Beogh.
             Slain by a water moccasin (6 damage)
             ... on level 7 of the Dungeon.
             The game lasted 00:22:55 (5556 turns).

javelincjr the Trooper (Demonspawn Warper)          Turns: 5556, Time: 00:22:56

Health: -3/62      AC:  1    Str: 22    XL:     8   Next: 88%
Magic:  12/14      EV: 12    Int: 13    God:    Beogh [*.....]
Gold:   317        SH:  0    Dex: 14    Spells: 12/16 levels left

rFire   . . .        z - +3 short sword (venom)
rCold   . . .        (no shield)
rNeg    + . .        D - +2 ring mail "Ipepauh" {rN+ Str+3 SInv}
rPois   .            (no helmet)
rElec   .            (no cloak)
rCorr   .            (gloves unavailable)
SInv    +            g - +0 pair of boots
Will    .....        (no amulet)
Stlth   +            n - +6 ring of strength
HPRegen 0.30/turn    l - ring of flight
MPRegen 0.14/turn

%: no passive effects
@: lethally poisoned (-3 -> -9), corroded, flying, very slightly contaminated
A: demonic guardian 2, demonic touch 3
a: Renounce Religion


You were on level 7 of the Dungeon.
You worshipped Beogh.
Beogh was aware of your devotion.
You visited 1 branch of the dungeon, and saw 7 of its levels.

You collected 317 gold pieces.

Inventory:

Hand Weapons
 a - a +0 spear of protection
 t - a +0 club
 u - a +3 heavy flail
 z - a +3 short sword of venom (weapon)
Missiles
 d - 7 darts of dispersal
 A - a throwing net
 F - 8 poisoned darts (quivered)
 H - 6 javelins
 N - 3 boomerangs
Armour
 b - a +0 leather armour
 g - a +0 pair of boots (worn)
 i - a +0 ring mail
 q - a +0 chain mail
 r - a +0 plate armour
 D - the +2 ring mail "Ipepauh" (worn) {rN+ Str+3 SInv}
   (You found it on level 4 of the Dungeon)

   Str+3:     It affects your strength (+3).
   rN+:       It protects you from negative energy.
   SInv:      It lets you see invisible.
Jewellery
 l - a ring of flight (right hand)
 m - a ring of poison resistance
 n - a +6 ring of strength (left hand)
 y - a ring of fire
 I - a ring of magical power
Talismans
 x - a beast talisman
Wands
 L - a wand of polymorph (3)
 M - a wand of paralysis (8)
Scrolls
 c - 4 scrolls of blinking
 j - a scroll of teleportation
 o - a scroll of brand weapon
 s - 4 scrolls of immolation
 C - a scroll of amnesia {unknown}
 K - 3 scrolls of enchant armour {unknown}
Potions
 e - 2 potions of magic
 f - a potion of lignification
 h - a potion of attraction {unknown}
 k - 2 potions of brilliance
 p - 3 potions of enlightenment
 v - 2 potions of might {unknown}
 w - a potion of berserk rage {unknown}
 B - a potion of resistance {unknown}
 E - a potion of ambrosia {unknown}
 G - a potion of curing {unknown}
 J - a potion of invisibility {unknown}
 O - a potion of heal wounds {unknown}


   Skills:
 + Level 5.1 Fighting
 + Level 4.5 Polearms
 - Level 1.0 Throwing
 + Level 4.3 Armour
 + Level 4.6 Dodging
 + Level 4.5 Spellcasting
 + Level 5.0 Translocations


You had 12 spell levels left.
You knew the following spells:

 Your Spells              Type           Power      Damage    Failure   Level
a - Blink                 Tloc           30%        N/A       6%          2
b - Lesser Beckoning      Tloc           30%        N/A       6%          2

Your spell library contained the following spells:

 Spells                   Type           Power      Damage    Failure   Level
 Teleport Other           Tloc           15%        N/A       12%         3
 Manifold Assault         Tloc           15%        N/A       36%         4
 Vhi's Electric Charge    Tloc/Air       18%        N/A       73%         4


Dungeon Overview and Level Annotations

Branches:
Dungeon (7/15)             Temple (0/1) D:6

Altars:
Cheibriados
Fedhas
Kikubaaqudgha
Sif Muna
Vehumet
Yredelemnul

Shops:
D:3 :

Annotations:
D:5 3 runed translucent doors, Crazy Yiuf; Sirjeffry24's ghost, amateur DsFi


Innate Abilities, Weirdness & Mutations

A demonic guardian rushes to your aid.
Your touch may irresistibly damage your foes and sap their willpower.


Message History

You throw a poisoned dart.
The poisoned dart hits the water moccasin.
The water moccasin is poisoned.
Throw: 10 darts (poison)
Press: ? - help, Q - select action, (/) - cycle Shift-Dir - straight line, f/p - water moccasin
Aim: a water moccasin (lightly wounded, poisoned, 38% to hit)
You throw a poisoned dart.
The poisoned dart hits the water moccasin.
The water moccasin is lightly wounded.
Throw: 9 darts (poison)
Press: ? - help, Q - select action, (/) - cycle Shift-Dir - straight line, f/p - water moccasin
Aim: a water moccasin (lightly wounded, poisoned, 38% to hit)
You throw a poisoned dart.
The poisoned dart hits the water moccasin.
The water moccasin looks even sicker.
The water moccasin is lightly wounded.
You barely miss the water moccasin.
The water moccasin is lightly wounded.
The water moccasin bites you but does no damage.
You hit the water moccasin.
The water moccasin looks as sick as possible!
The water moccasin is moderately wounded.
The water moccasin barely misses you. The water moccasin bites you!
* * * LOW HITPOINT WARNING * * *
You barely miss the water moccasin.
You touch the water moccasin!
You sap its willpower!
The water moccasin is almost dead.
The water moccasin bites you!
* * * LOW HITPOINT WARNING * * *
You are lethally poisoned!
The water moccasin poisons you!
Casting: Blink (safe; 6% risk of failure)
Confirm with . or Enter, or press ? or * to list all spells.
You miscast Blink.
You are very lightly contaminated with residual magic.
Nothing appears to happen.
* * * LOW HITPOINT WARNING * * *
You feel sick. The water moccasin barely misses you.
The water moccasin bites you.
You die...

............#....#
............#....#
............'....#
........(...#<...#
.####+###(.#######
#...###..####..
.......(.......
.......S.......
....?..@.......
............[..
$..............
...............
...............
###..##.##.##..
#.. #.# ## # ...
...


You could see a water moccasin (extremely poisoned, weak-willed).

Vanquished Creatures
  Grinder (D:6)
  Menkaure (D:5)
  An orc warrior (D:7)
  An ogre (D:6)
  A phantom (D:5)
  2 bullfrogs (D:6)
  A howler monkey (D:6)
  2 jellies (D:7)
  2 hounds (D:4)
  2 orc priests
  3 iguanas (D:5)
  Natasha (thrice) (D:2)
  2 orc wizards
  5 gnolls
  9 adders
  6 ufetubi
  A dart slug (D:2)
  20 orcs
  9 endoplasms
  3 giant cockroaches
  9 goblins
  4 hobgoblins
  3 kobolds
  3 quokkas
  8 ball pythons
  A bat (D:1)
  2 frilled lizards
  6 rats
111 creatures vanquished.

Vanquished Creatures (collateral kills)
  Prince Ribbit (D:5)
  Edmund (D:6)
  An ogre (D:5)
  An orc priest (D:5)
  A sleepcap (D:6)
  2 orc wizards (D:5)
  2 gnolls
  An adder (D:5)
  4 orcs
14 creatures vanquished.

Vanquished Creatures (others)
  An orc (D:7)
  An endoplasm (D:7)
2 creatures vanquished.

Grand Total: 127 creatures vanquished

Notes
Turn   | Place    | Note
-------+----------+-------------------------------------------
     0 | D:1      | javelincjr the Demonspawn Warper began the quest for the
                  | Orb.
     0 | D:1      | Reached XP level 1. HP: 16/16 MP: 3/3
   112 | D:1      | Reached skill level 1 in Throwing
   249 | D:1      | Reached skill level 1 in Armour
   455 | D:1      | Gained mutation: Your touch may inflict minor irresistible
                  | damage on your foes. [demonic ancestry]
   455 | D:1      | Reached XP level 2. HP: 22/22 MP: 5/5
   860 | D:2      | Noticed Natasha
  1040 | D:2      | Gained mutation: Your touch may inflict irresistible damage
                  | on your foes. [demonic ancestry]
  1040 | D:2      | Reached XP level 3. HP: 27/27 MP: 6/6
  1095 | D:2      | Killed Natasha
  1228 | D:2      | Reached XP level 4. HP: 31/34 MP: 7/7
  1256 | D:2      | Noticed Natasha
  1259 | D:2      | Killed Natasha
  1631 | D:1      | Learned a level 2 spell: Blink
  1634 | D:1      | Learned a level 2 spell: Lesser Beckoning
  1708 | D:2      | Gained mutation: A weak demonic guardian rushes to your
                  | aid. [demonic ancestry]
  1708 | D:2      | Reached XP level 5. HP: 25/39 MP: 8/8
  1944 | D:2      | Noticed Natasha
  1946 | D:2      | Killed Natasha
  2019 | D:3      | Found a blossoming altar of Fedhas.
  2049 | D:3      | Found a radiant altar of Vehumet.
  2254 | D:3      | Found Nusisuos's Book Emporium.
  2468 | D:3      | Found an ancient bone altar of Kikubaaqudgha.
  2737 | D:4      | Noticed an ogre
  2766 | D:4      | Gained mutation: A demonic guardian rushes to your aid.
                  | [demonic ancestry]
  2766 | D:4      | Reached XP level 6. HP: 15/47 MP: 8/10
  2931 | D:4      | Found a basalt altar of Yredelemnul.
  2933 | D:4      | Noticed a profane servitor
  3066 | D:4      | Found a snail-covered altar of Cheibriados.
  3188 | D:4      | Identified the +2 ring mail "Ipepauh" {rN+ Str+3 SInv}
  3375 | D:4      | Noticed an angel
  3399 | D:5      | Entered Level 5 of the Dungeon
  3399 | D:5      | Noticed Prince Ribbit
  3482 | D:5      | Killed Prince Ribbit
  3483 | D:5      | Gained mutation: Your touch may irresistibly damage your
                  | foes and sap their willpower. [demonic ancestry]
  3483 | D:5      | Reached XP level 7. HP: 25/52 MP: 11/11
  3579 | D:5      | Found a large runed translucent door.
  3579 | D:5      | Found a large runed translucent door.
  3622 | D:5      | Found a runed translucent door.
  3623 | D:5      | Noticed Crazy Yiuf
  3921 | D:5      | Became a worshipper of Beogh the Shepherd
  3945 | D:5      | Noticed an angel
  4097 | D:5      | Noticed Menkaure
  4103 | D:5      | Killed Menkaure
  4329 | D:5      | Noticed Sirjeffry24's ghost (amateur DsFi)
  4376 | D:6      | Reached XP level 8. HP: 54/60 MP: 13/13
  4524 | D:6      | Noticed Grinder
  4532 | D:6      | Paralysed by Grinder for 4 turns
  4546 | D:6      | Killed Grinder
  4696 | D:6      | Noticed Edmund
  4707 | D:6      | Killed Edmund
  4994 | D:6      | Found a shimmering blue altar of Sif Muna.
  5140 | D:6      | Found a staircase to the Ecumenical Temple.
  5456 | D:7      | Reached skill level 5 in Fighting
  5530 | D:7      | Reached * piety under Beogh
  5531 | D:7      | Reached skill level 5 in Translocations
  5556 | D:7      | HP: 3/62 [poisoned by a water moccasin]
  5556 | D:7      | Slain by a water moccasin

Illustrated notes

Levels and vault maps discovered:
D:1:      saegor_arrival_fortress, layout_basic
D:2:      layout_loops_cross, uniq_natasha
D:3:      layout_rooms, mainiacjoe_overflow_paths, fedhas_altar_2,
          kiku_gazebo_garden_becter, serial_shops,
          nicolae_shop_tiny_statue_garden, grunt_decor_one_mirror
D:4:      layout_basic, grunt_temple_overflow_holy_war,
          mainiacjoe_overflow_concentric_impassable
D:5:      layout_rooms, zin_angel, ebering_ghost_disaster_area,
          uniq_crazy_yiuf_cottage, uniq_menkaure, uniq_prince_ribbit1
D:6:      layout_loops_cross, mainiacjoe_overflow_tiny_flanked,
          minmay_temple_entry_trees, chequers_serial_rivers_micro_b,
          uniq_grinder, uniq_edmund
D:7:      lemuel_slime, layout_gridville, nicolae_ossuary_entry_plus,
          gammafunk_ghost_split, serial_bayou_lake_a, uniq_pikel

Skill      XL: |  1  2  3  4  5  6  7  8 |
---------------+-------------------------+-----
Throwing       | 1 |  1.0
Armour         | 1 2 3 4 |  4.3
Dodging        | 2 3 4 |  4.6
Polearms       | 2 3 4 |  4.5
Translocations | 3 4 5 |  5.0
Fighting       | 3 4 5 |  5.1
Spellcasting   | 3 4 |  4.5

Action                     |  1- 3 |  4- 6 |  7- 9 || total
---------------------------+-------+-------+-------++-------
  Melee: Spear             |   106 |    40 |       ||   146
         Touch             |     7 |    13 |    30 ||    50
         Flail             |       |    55 |       ||    55
         Short sword       |       |    24 |   117 ||   141
  Throw: Dart              |       |       |    10 ||    10
   Cast: Lesser Beckoning  |       |     5 |       ||     5
         Blink             |       |     1 |     2 ||     3
 Invoke: Convert to Beogh  |       |       |     1 ||     1
    Use: Scroll            |       |     1 |    11 ||    12
         Potion            |       |     1 |       ||     1
   Stab: Sleeping          |     2 |       |       ||     2
 Armour: Leather armour    |    72 |    98 |       ||   170
         Ring mail         |       |    14 |    81 ||    95
  Dodge: Dodged            |    48 |    85 |    67 ||   200

Table legend: (Time is in decaauts)
 A = Elapsed time spent in this place.
 B = Non-inter-level travel time spent in this place.
 C = Inter-level travel time spent in this place.
 D = Time resting spent in this place.
 E = Time spent auto-exploring this place.
 F = Levels seen in this place.
 G = Mean time per level.
                   A        B        C        D        E       F      G
               +--------+--------+--------+--------+--------+-----+--------+
         Total |   5602 |   5349 |    253 |    427 |   3753 |   7 |  800.3 |
       Dungeon |   5602 |   5349 |    253 |    427 |   3753 |   7 |  800.3 |
               +--------+--------+--------+--------+--------+-----+--------+

Top non-repeatable levels by time:
     D:2: 1077 daAuts
     D:6: 1046 daAuts
     D:1: 944 daAuts
     D:5: 906 daAuts
     D:4: 855 daAuts
     D:3: 633 daAuts
     D:7: 138 daAuts
